 Seeded DCSS version 0.30.1-3-gfc49f6343a (webtiles) character file.

Game seed: 4379537081342618247 (custom seed)

22 CInkIbrahim the Shooter (level 2, 0/22 HPs)
             Began as a Demonspawn Hunter on July 29, 2023.
             Slain by an adder (1 damage)
             ... on level 2 of the Dungeon.
             The game lasted 00:00:49 (741 turns).

CInkIbrahim the Shooter (Demonspawn Hunter)          Turns: 741, Time: 00:00:49

Health: 0/22       AC:  4    Str: 11    XL:     2   Next: 68%
Magic:  2/2        EV: 11    Int: 10    God:
Gold:   56         SH:  0    Dex: 16    Spells: 1/1 levels left

rFire   . . .        a - +0 shortbow
rCold   . . .        (shield currently unavailable)
rNeg    . . .        c - +0 leather armour
rPois   .            (helmet restricted)
rElec   .            h - +0 cloak
rCorr   .            (no gloves)
SInv    .            (no boots)
Will    .....        (no amulet)
Stlth   +            (no ring)
HPRegen 0.23/turn    (no ring)
MPRegen 0.08/turn

%: no passive effects
@: lethally poisoned (0 -> -9)
A: antennae 1
a: no special abilities


You were on level 2 of the Dungeon.
You visited 1 branch of the dungeon, and saw 2 of its levels.

You collected 56 gold pieces.

Inventory:

Hand Weapons
 a - a +0 shortbow (weapon)
Armour
 c - a +0 leather armour (worn)
 h - a +0 cloak (worn)
Jewellery
 d - a ring of willpower
Scrolls
 b - a scroll of immolation
 e - a scroll of teleportation {unknown}
Potions
 f - a potion of might {unknown}
 g - a potion of haste {unknown}
 i - a potion of heal wounds {unknown}
 j - a potion of flight {unknown}
 k - a potion of invisibility {unknown}


   Skills:
 - Level 2.0 Fighting
 + Level 4.4 Ranged Weapons
 - Level 1.7 Dodging
 - Level 0.8 Stealth


You had one spell level left.
You didn't know any spells.
Your spell library was empty.

Dungeon Overview and Level Annotations

Branches:
Dungeon (2/15)

Altars:


Innate Abilities, Weirdness & Mutations

You have a pair of small antennae on your head.


Message History

The adder bites you.
An adder is nearby!
You are too injured to fight recklessly!
An adder is nearby!
You are too injured to fight recklessly!
An adder is nearby!
You are too injured to fight recklessly!
An adder is nearby!
You are too injured to fight recklessly!
Fire: a) +0 shortbow
Press: ? - help, Q - select action Shift-Dir - straight line, f/p - adder
Aim: an adder (severely wounded, 46% to hit)
You shoot an arrow. The arrow closely misses the adder.
You feel sick. The adder bites you. The adder bites you but does no damage.
Fire: a) +0 shortbow
Press: ? - help, Q - select action Shift-Dir - straight line, f/p - adder
Aim: an adder (severely wounded, 46% to hit)
You shoot an arrow. The arrow barely misses the adder.
You feel sick. The adder bites you.
You are lethally poisoned!
The adder poisons you! The adder closely misses you.
Fire: a) +0 shortbow
Press: ? - help, Q - select action Shift-Dir - straight line, f/p - adder
Aim: an adder (severely wounded, 46% to hit)
You shoot an arrow. The arrow hits the adder.
The adder is almost dead.
* * * LOW HITPOINT WARNING * * *
You feel very sick. The adder bites you but does no damage.
Fire: a) +0 shortbow
Press: ? - help, Q - select action Shift-Dir - straight line, f/p - adder
Aim: an adder (almost dead, 46% to hit)
You can't see any item there.
You shoot an arrow. The arrow completely misses the adder.
* * * LOW HITPOINT WARNING * * *
You feel sick. The adder bites you.
* * * LOW HITPOINT WARNING * * *
You are more poisoned.
The adder poisons you! The adder bites you.
You die...

..# #.# # #
#.# .# #.#.#
#.# . #.#.#..
.....
..#.#.##.#.##
#.#.)..S....#
#.#...@....#
#.#.#.######
#...#.#
#.#.#.#
.#.####<#.#.#
............#
............#
........#.#.#
##.####.#.#.#


You could see an adder.

Vanquished Creatures
  2 dart slugs (D:1)
  5 endoplasms (D:1)
  A giant cockroach (D:1)
  2 goblins
  2 hobgoblins (D:1)
  A kobold (D:1)
  A bat (D:1)
  A frilled lizard (D:1)
15 creatures vanquished.

Notes
Turn   | Place    | Note
-------+----------+-------------------------------------------
     0 | D:1      | CInkIbrahim the Demonspawn Hunter began the quest for the
                  | Orb.
     0 | D:1      | Reached XP level 1. HP: 16/16 MP: 1/1
    92 | D:1      | Reached skill level 4 in Ranged Weapons
   115 | D:1      | Gained mutation: You have a pair of small antennae on your
                  | head. [demonic ancestry]
   115 | D:1      | Reached XP level 2. HP: 22/22 MP: 2/2
   741 | D:2      | HP: 1/22 [adder (2)]
   741 | D:2      | Slain by an adder

Illustrated notes

Levels and vault maps discovered:
D:1:      lemuel_arrival_broad_hall, layout_loops_cross, serial_bayou_lagoon_a
D:2:      layout_basic, kennysheep_big_empty_room

Skill      XL: |  1 |
---------------+----+-----
Ranged Weapons | 4 |  4.4
Fighting       | |  2.0
Dodging        | |  1.7
Stealth        | |  0.8

Action                     || total
---------------------------++-------
   Fire: Shortbow          ||    43
 Armour: Leather armour    ||     5
  Dodge: Dodged            ||    10
